 Dungeon Crawl Stone Soup version 0.31-a0-931-g7b59d4eb97 (webtiles) character file.

Game seed: 5729691624443929257

437 lunkers the Insei (level 7, -5/78 HPs)
             Began as a Meteoran Shapeshifter on Oct 19, 2023.
             Slain by a gnoll bouda
             ... wielding a +0 whip
              (8 damage)
             ... on level 5 of the Dungeon.
             The game lasted 00:05:06 (2045 turns).

lunkers the Insei (Meteoran Shapeshifter)           Turns: 2045, Time: 00:05:06

Health: -5/78      AC: 23    Str: 15    XL:     7   Next: 45%
Magic:  8/8        EV:  2    Int: 12    God:
Gold:   114        SH:  0    Dex: 16    Spells: 6/6 levels left

rFire   + .          .
                       - Unarmed
rCold   . . .        (no shield)
rNeg    . . .        l - melded +0 ring mail
rPois   +            (helmet currently unavailable)
rElec   .            (cloak currently unavailable)
rCorr   .            (gloves currently unavailable)
SInv    .            (boots currently unavailable)
Will    .....        (no amulet)
Stlth   +            j - ring of protection from fire
HPRegen 0.33/turn    (no ring)
MPRegen 0.11/turn

%: no passive effects
@: tree-form, glowing
A: stationary, stasis, torment immunity, boosted hp, sense surroundings 1,
otherworldly, glowing, explore regen
a: no special abilities


You were on level 5 of the Dungeon.
You were a tree.
You visited 1 branch of the dungeon, and saw 5 of its levels.

You collected 114 gold pieces.

Inventory:

Missiles
 p - 2 throwing nets
Armour
 a - a +0 animal skin
 l - a +0 ring mail (melded)
 r - a +0 cloak
Jewellery
 j - a ring of protection from fire (left branch)
Talismans
 c - a beast talisman
 d - a flux talisman
Scrolls
 e - a scroll of blinking {unknown}
 f - a scroll of fear {unknown}
 g - 4 scrolls of teleportation {unknown}
 h - 3 scrolls of identify {unknown}
 m - a scroll of amnesia {unknown}
 o - a scroll of immolation {unknown}
Potions
 i - a potion of mutation {unknown}
 k - a potion of ambrosia {unknown}
 n - a potion of heal wounds {unknown}
 q - a potion of haste {unknown}
 s - a potion of degeneration {unknown}
 t - a potion of might {unknown}


   Skills:
 - Level 1.1 Fighting
 - Level 2.1 Dodging
 * Level 7.8 Unarmed Combat
 + Level 5.7 Shapeshifting


You had 6 spell levels left.
You didn't know any spells.
Your spell library contained the following spells:

 Spells                   Type           Power      Damage    Failure   Level
 Magic Dart               Conj           0%         1d3       32%         1
 Call Imp                 Summ           0%         N/A       45%         2
 Mephitic Cloud           Conj/Pois/Air  0%         N/A       69%         3


Dungeon Overview and Level Annotations

Branches:
Dungeon (5/15) Zot: 977
 Temple: D:4-7

Altars:
Cheibriados
Fedhas
Uskayaw
Vehumet
Zin

Shops:
D:5 [


Innate Abilities, Weirdness & Mutations

You are a tree.
Your roots penetrate the ground, keeping you stationary.
You cannot be teleported.
You are immune to unholy pain and torment.
Your maximum health is greatly increased.
Your equipment is partially melded.
You passively map a small area around you.
You are easily found by Zot.
You glow in the dark.
You regain HP and MP as you explore.


Message History

The gnoll hits you with a +0 club.
You closely miss the gnoll bouda. The gnoll completely misses you.
The gnoll bouda hits you with a +0 whip.
* * * LOW HITPOINT WARNING * * *
The gnoll hits you with a +0 club.
* * * LOW HITPOINT WARNING * * *
You are too injured to fight recklessly!
You are too injured to fight recklessly!
You barely miss the gnoll. The gnoll barely misses you.
The gnoll bouda hits you with a +0 whip.
* * * LOW HITPOINT WARNING * * *
The gnoll misses you.
You hit the gnoll.
The gnoll is heavily wounded.
The gnoll hits you with a +0 whip of flaming.
* * * LOW HITPOINT WARNING * * *
The gnoll bouda hits you with a +0 whip.
* * * LOW HITPOINT WARNING * * *
Unknown command.
Okay, then.
You hit the gnoll but do no damage.
The gnoll is heavily wounded.
The gnoll hits you with a +0 club.
* * * LOW HITPOINT WARNING * * *
The gnoll hits you with a +0 whip of flaming.
* * * LOW HITPOINT WARNING * * *
The gnoll bouda barely misses you.
You hit the gnoll.
The gnoll is almost dead.
The gnoll hits you with a +0 club.
* * * LOW HITPOINT WARNING * * *
The gnoll hits you with a +0 whip of flaming.
* * * LOW HITPOINT WARNING * * *
The gnoll bouda hits you with a +0 whip!
* * * LOW HITPOINT WARNING * * *
Your transformation has ended.
You turn into a tree.
Your +0 ring mail melds into your body.
Your roots penetrate the ground.
The gnoll hits you but does no damage. x2
The gnoll bouda hits you with a +0 whip!
You die...

.##......# * *
.##......####### ,
.##............# *
.##............# ,, ,
.##............#,, ,
.##............#,,, , .
.####..........#, ... * ,
.####..........####.....
, ,,
.#..'.......>...♣g......,
.#.##...........gg......
##.##..........##...####
#.###'##....... ...+
#.###....#######...# , ,
#....##### * ...# ,
#.##.# , , ...# *
#####'## ,, ...# *
.......# , ,, ,


You could see a gnoll bouda and 2 gnolls.

Vanquished Creatures
  Eustachio (D:4)
  A scorpion (D:5)
  An iguana (D:4)
  2 orc wizards (D:3)
  5 gnolls
  5 adders
  A worm (D:2)
  4 dart slugs
  6 orcs
  9 endoplasms
  A giant cockroach (D:1)
  4 goblins
  7 hobgoblins
  2 quokkas
  5 ball pythons
  4 bats
  A frilled lizard (D:1)
  3 kobolds
  8 rats
70 creatures vanquished.

Notes
Turn   | Place    | Note
-------+----------+-------------------------------------------
     0 | D:1      | lunkers the Meteoran Shapeshifter began the quest for the
                  | Orb.
     0 | D:1      | Reached XP level 1. HP: 16/16 MP: 2/2
    63 | D:1      | Reached XP level 2. HP: 19/23 MP: 3/3
    89 | D:1      | Reached skill level 4 in Unarmed Combat
   227 | D:1      | Reached XP level 3. HP: 28/28 MP: 4/4
   391 | D:1      | Found a faded altar of an unknown god.
   503 | D:1      | Glimpsed the power of Zot.
   720 | D:2      | Reached XP level 4. HP: 35/35 MP: 5/5
   808 | D:2      | Reached skill level 5 in Unarmed Combat
   812 | D:2      | Upgraded the game from 0.31-a0-925-g0a390f2509 to
                  | 0.31-a0-931-g7b59d4eb97
  1019 | D:3      | Reached XP level 5. HP: 40/40 MP: 6/6
  1033 | D:3      | Reached skill level 6 in Unarmed Combat
  1291 | D:4      | Found a glowing silver altar of Zin.
  1294 | D:4      | Found a snail-covered altar of Cheibriados.
  1298 | D:4      | Found a blossoming altar of Fedhas.
  1303 | D:4      | Found a radiant altar of Vehumet.
  1323 | D:4      | Noticed Eustachio
  1344 | D:4      | Killed Eustachio
  1345 | D:4      | Reached skill level 7 in Unarmed Combat
  1345 | D:4      | Reached skill level 5 in Shapeshifting
  1345 | D:4      | Reached XP level 6. HP: 10/47 MP: 7/7
  1411 | D:4      | Reached XP level 7. HP: 40/52 MP: 8/8
  1460 | D:4      | Noticed a +0 short sword
  1461 | D:4      | Noticed a +0 spear
  1461 | D:4      | Noticed a +0 spear
  1462 | D:4      | Noticed a +0 dagger
  1463 | D:4      | Noticed a +0 falchion
  1463 | D:4      | Noticed a +0 falchion
  1464 | D:4      | Noticed a +0 dagger
  1464 | D:4      | Noticed a +0 short sword
  1469 | D:4      | Found a hide-covered altar of Uskayaw.
  1800 | D:5      | Entered Level 5 of the Dungeon
  1813 | D:5      | Found Eghilino's Antique Armour Shop.
  2044 | D:5      | HP: 2/52 [gnoll bouda/+0 whip (8)]
  2045 | D:5      | Slain by a gnoll bouda

Illustrated notes

Levels and vault maps discovered:
D:1:      psy_arrival_wood_between_worlds, layout_basic, basic_ecumenical_altar,
          st_stairs_9
D:2:      layout_basic, minmay_octomino_c4
D:3:      layout_loops_ring
D:4:      layout_loops_corners, nicolae_uskayaw_en_pointe, minitemple,
          uniq_sigmund, uniq_eustachio
D:5:      layout_basic, serial_shops, nicolae_inconvenience_store,
          lightli_corner_chamber, uniq_grinder

Skill      XL: |  1  2  3  4  5 |
---------------+----------------+-----
Unarmed Combat | 4 5 7 |  7.8
Shapeshifting  | 4 5 |  5.7
Fighting       | |  1.1
Dodging        | |  2.1

Action                     |  1- 3 |  4- 6 |  7- 9 || total
---------------------------+-------+-------+-------++-------
  Melee: Unarmed           |    70 |    90 |    60 ||   220
         Punch             |     3 |     5 |     1 ||     9
    Use: Potion            |       |     1 |     1 ||     2
 Armour: Animal skin       |    35 |    11 |       ||    46
         Ring mail         |       |    38 |    37 ||    75
         Skin              |       |     1 |     3 ||     4
  Dodge: Dodged            |    34 |    31 |    33 ||    98

Table legend: (Time is in decaauts)
 A = Elapsed time spent in this place.
 B = Non-inter-level travel time spent in this place.
 C = Inter-level travel time spent in this place.
 D = Time resting spent in this place.
 E = Time spent auto-exploring this place.
 F = Levels seen in this place.
 G = Mean time per level.
                   A        B        C        D        E       F      G
               +--------+--------+--------+--------+--------+-----+--------+
         Total |   2021 |   2009 |     12 |     25 |   1440 |   5 |  404.2 |
       Dungeon |   2021 |   2009 |     12 |     25 |   1440 |   5 |  404.2 |
               +--------+--------+--------+--------+--------+-----+--------+

Top non-repeatable levels by time:
     D:1: 512 daAuts
     D:4: 503 daAuts
     D:3: 412 daAuts
     D:2: 350 daAuts
     D:5: 242 daAuts
